 Dungeon Sprint DCSS version 0.28-a0-313-gbc0475efdd (webtiles) character file.

Game seed: 11898260903142374706

444 lmSkywalker the Severer (level 6, -3/52 HPs)
             Began as a Minotaur Fighter on Sept 1, 2021.
             Was an Initiate of Okawaru.
             Slain by Sonja (5 damage)
             ... in the Dungeon (Sprint I: "Red Sonja").
             The game lasted 00:02:45 (431 turns).

lmSkywalker the Severer (Minotaur Fighter)           Turns: 431, Time: 00:02:46

Health: -3/52      AC:  6    Str: 21    XL:     6   Next: 72%
Magic:  5/5        EV:  7    Int:  5    God:    Okawaru [......]
Gold:   311        SH:  8    Dex: 11    Spells: 5/5 levels left

rFire   . . .      SeeInvis .   a - +0 war axe
rCold   . . .      Faith    .   c - +0 kite shield
rNeg    . . .      Spirit   .   b - +0 scale mail
rPois   .          Reflect  .   (helmet restricted)
rElec   .          Harm     .   (no cloak)
rCorr   .          Rampage  .   (no gloves)
Will    .....      NoTele   +   (no boots)
Stlth   ..........              (no amulet)
HPRegen 0.17/turn               (no ring)
MPRegen 0.09/turn               (no ring)

@: on berserk cooldown, slowed, very slow
A: horns 2, retaliatory headbutt
a: Renounce Religion


You were in the Dungeon.
You worshipped Okawaru.
Okawaru was noncommittal.
You visited 1 branch You collected 311 gold pieces.

Inventory:

Hand Weapons
 a - a +0 war axe (weapon)
Armour
 b - a +0 scale mail (worn)
 c - a +0 kite shield (worn)
Scrolls
 j - a scroll of blinking
Potions
 e - a potion of curing
 h - 2 potions of magic


   Skills:
 + Level 4.3 Fighting
 - Level 16.0 Axes
 - Level 3.6 Armour
 + Level 4.3 Shields


You had 5 spell levels left.
You didn't know any spells.
Your spell library was empty.

Dungeon Overview and Level Annotations

Branches:
Dungeon (1/1)

Altars:
Cheibriados
Dithmenos
Elyvilon
Fedhas
Gozag
Hepliaklqana
Kikubaaqudgha
Nemelex Xobeh
Okawaru
Qazlal
Ru
Sif Muna
Trog
Uskayaw
Vehumet
Wu Jian
Yredelemnul
Zin
The Shining One

Shops:
D :

Annotations:
D Sonja


Innate Abilities, Weirdness & Mutations

You have a pair of horns on your head.
You reflexively headbutt those who attack you in melee.


Message History

Sonja is lightly wounded.
You block Sonja's attack.
Sonja hits you with a +0 short sword of distortion. x2
Space warps horribly around you!
* * * LOW HITPOINT WARNING * * *
You completely miss Sonja. Your headbutt misses Sonja.
Sonja is lightly wounded.
Sonja zaps a wand.
The puff of flame hits you.
* * * LOW HITPOINT WARNING * * *
You completely miss Sonja.
Sonja is lightly wounded.
Sonja mumbles some strange words.
Sonja blinks!
Sonja throws a curare-tipped dart.
You block the curare-tipped dart.
You slam the door shut with a bang!
You feel a strong urge to attack something.
You are too berserk!
You are no longer berserk.
You are exhausted.
You feel yourself slow down.
Sonja opens the door.
You feel much better.
Sonja casts a spell.
Sonja blinks!
Okay, then.
You closely miss Sonja. Your headbutt misses Sonja.
You block Sonja's attack. x2
Sonja hits you with a +0 short sword of distortion.
Sonja zaps a wand.
The puff of flame hits you!
You barely miss Sonja. You block Sonja's attack. x3
You completely miss Sonja. Your headbutt misses Sonja.
You block Sonja's attack.
Sonja hits you with a +0 short sword of distortion.
Space bends around you!
* * * LOW HITPOINT WARNING * * *
Sonja hits you but does no damage. Space bends around you.
* * * LOW HITPOINT WARNING * * *
Sonja hits you but does no damage.
Sonja hits you with a +0 short sword of distortion.
* * * LOW HITPOINT WARNING * * *
Space bends around you.
You die...

#..').#..'..#..+
#..#####'#####'#
#..####..#...#(#
#..#__####..##.#
#..#_____##'#_.+
#⌠⌠#_.∩...†..._#
####_..__##_.#+#
#_____###'#
####### #@#


+$K$+ #$.$# ##.## #+# You could see Sonja.

Vanquished Creatures
  Sigmund (D)
  A yak (D)
  An ogre (D)
  A jelly (D)
  Ijyb (D)
5 creatures vanquished.

Vanquished Creatures (others)
  A gargoyle (D)
1 creature vanquished.

Grand Total: 6 creatures vanquished

Notes
Turn   | Place    | Note
-------+----------+-------------------------------------------
     0 | D        | lmSkywalker the Minotaur Fighter began the quest for the
                  | Orb.
     0 | D        | Reached XP level 1. HP: 19/19 MP: 0/0
     3 | D        | Noticed Ijyb
    10 | D        | Killed Ijyb
    11 | D        | Reached skill level 7 in Axes
    11 | D        | Reached XP level 2. HP: 24/26 MP: 1/1
    13 | D        | Noticed an ogre
    16 | D        | Killed an ogre
    17 | D        | Reached skill level 11 in Axes
    17 | D        | Reached XP level 3. HP: 14/31 MP: 2/2
    17 | D        | Reached XP level 4. HP: 18/39 MP: 3/3
    26 | D        | Noticed Sigmund
    33 | D        | Killed Sigmund
    34 | D        | Reached skill level 14 in Axes
    34 | D        | Reached XP level 5. HP: 23/45 MP: 4/4
    34 | D        | Reached XP level 6. HP: 26/51 MP: 5/5
   192 | D        | Found an ornate altar of the Wu Jian Council.
   192 | D        | Found a shimmering blue altar of Sif Muna.
   192 | D        | Killed a gargoyle
   194 | D        | Found a radiant altar of Vehumet.
   220 | D        | Found Umib's Book Emporium.
   220 | D        | Found an ancient bone altar of Kikubaaqudgha.
   220 | D        | Found a hazy altar of Hepliaklqana.
   220 | D        | Found a stormy altar of Qazlal.
   220 | D        | Found a hide-covered altar of Uskayaw.
   220 | D        | Found a blossoming altar of Fedhas.
   220 | D        | Found a bloodstained altar of Trog.
   220 | D        | Found an iron altar of Okawaru.
   220 | D        | Found a basalt altar of Yredelemnul.
   220 | D        | Found a glowing golden altar of the Shining One.
   220 | D        | Found a snail-covered altar of Cheibriados.
   220 | D        | Found a sacrificial altar of Ru.
   220 | D        | Found a glowing silver altar of Zin.
   220 | D        | Found a shadowy altar of Dithmenos.
   220 | D        | Found a white marble altar of Elyvilon.
   220 | D        | Noticed a yak
   227 | D        | Killed a yak
   228 | D        | Reached skill level 16 in Axes
   228 | D        | Found an opulent altar of Gozag.
   397 | D        | Found a sparkling altar of Nemelex Xobeh.
   407 | D        | Became a worshipper of Warmaster Okawaru
   415 | D        | Noticed Sonja
   431 | D        | HP: 2/52 [Sonja (2)]
   431 | D        | Slain by Sonja

Illustrated notes

Levels and vault maps discovered:
D:        dungeon_sprint_1 [red_sonja_temple_1, red_sonja_temple_small_1]

Skill      XL: |  1  2  3  4  5  6 |
---------------+-------------------+-----
Axes           | 7 11 14 16 | 16.0
Fighting       | 4 |  4.3
Shields        | 4 |  4.3
Armour         | |  3.6

Action                   |  1- 3 |  4- 6 || total
-------------------------+-------+-------++-------
Melee: War axe           |     8 |    23 ||    31
       Headbutt          |     1 |     4 ||     5
  Use: Potion            |     2 |     2 ||     4
Armor: Scale mail        |     1 |     4 ||     5
Dodge: Dodged            |     2 |     3 ||     5
Block: Kite shield       |     1 |    14 ||    15

Table legend: (Time is in decaauts)
 A = Elapsed time spent in this place.
 B = Non-inter-level travel time spent in this place.
 C = Inter-level travel time spent in this place.
 D = Time resting spent in this place.
 E = Time spent auto-exploring this place.
 F = Levels seen in this place.
 G = Mean time per level.
                   A        B        C        D        E       F      G
               +--------+--------+--------+--------+--------+-----+--------+
         Total |    418 |    418 |      0 |    312 |      0 |   1 |  418.0 |
       Dungeon |    418 |    418 |      0 |    312 |      0 |   1 |  418.0 |
               +--------+--------+--------+--------+--------+-----+--------+

Top non-repeatable levels by time:
       D: 418 daAuts
